Map: Abyssal Reef LE

Players

Harstem - Winner!

  • Race: Protoss Protoss
  • Spawn Location: 11:00

Namshar

  • Race: Zerg Zerg
  • Spawn Location: 5:00

Event: WCS Montreal 2017

VOD

Have the link to the VOD?

Description

Time

  • Played on: Sept. 8, 2017, 6:05 p.m.
  • Length: 14:56

All games in this series

Show
View Real Time Build Order
Export as new Build Order

Harstem Protoss - Winner!

Build Orders: 1 Gate Expand, Oracle Opening, Archon Immortal 

Get SALT Encoding   

  12  0:00  Probe (Chrono Boost)  
  13  0:11  Probe (Chrono Boost)  
  14  0:17  Pylon  
  14  0:22  Probe (Chrono Boost)  
  15  0:36  Probe (Chrono Boost)  
  15  0:40  Gateway  
  16  0:45  Assimilator  
  16  0:48  Probe (Chrono Boost)  
  17  0:58  Probe (Chrono Boost)  
  18  1:09  Probe (Chrono Boost)  
  19  1:19  Probe (Chrono Boost)  
  20  1:27  Nexus  
  20  1:35  Cybernetics Core  
  20  1:39  Probe (Chrono Boost)  
  21  1:45  Assimilator  
  21  1:49  Probe (Chrono Boost)  
  21  1:53  Pylon  
  22  2:00  Probe (Chrono Boost)  
  23  2:12  Probe (Chrono Boost), Adept (Chrono Boost)  
  26  2:23  Stargate  
  26  2:24  Probe (Chrono Boost)  
  27  2:32  Warp Gate  
  27  2:35  Probe (Chrono Boost)  
  28  2:37  Stalker (Chrono Boost)  
  28  2:41  Probe (Chrono Boost)  
  31  2:48  Probe (Chrono Boost)  
  32  2:52  Probe (Chrono Boost)  
  34  2:59  Probe (Chrono Boost)  
  34  3:02  Probe (Chrono Boost)  
  35  3:07  Oracle (Chrono Boost)  
  35  3:10  Probe  
  35  3:11  Probe  
  39  3:16  Gateway  
  40  3:22  Probe x2, Gateway  
  42  3:28  Pylon  
  42  3:34  Twilight Council  
  42  3:35  Probe x2  
  42  3:40  Adept  
  46  3:47  Probe x2 (Chrono Boost)  
  48  3:58  Probe (Chrono Boost)  
  48  3:59  Probe (Chrono Boost)  
  48  4:01  Pylon  
  50  4:08  Probe (Chrono Boost)  
  51  4:10  Nexus  
  51  4:11  Resonating Glaives (Chrono Boost)  
  51  4:13  Probe (Chrono Boost)  
  52  4:17  Pylon  
  52  4:21  Probe (Chrono Boost)  
  52  4:22  Pylon  
  52  4:24  Probe (Chrono Boost)  
  54  4:30  Probe  
  54  4:35  Probe  
  56  4:39  Assimilator, Adept x2  
  56  4:40  Adept  
  56  4:41  Probe, Assimilator  
  63  4:47  Mothership Core  
  63  4:51  Probe  
  65  4:57  Robotics Facility  
  66  5:05  Adept x3  
  73  5:08  Probe  
  73  5:09  Pylon  
  73  5:11  Probe  
  73  5:12  Forge  
  74  5:21  Probe x2  
  75  5:25  Probe, Adept x3  
  83  5:33  Probe  
  83  5:34  Probe  
  84  5:36  Probe  
  86  5:43  Warp Prism (Chrono Boost)  
  86  5:45  Probe, Adept  
  86  5:46  Probe  
  86  5:47  Probe  
  86  5:49  Sentry, Adept  
  95  5:51  Pylon  
  95  5:57  Probe  
  95  5:58  Probe  
  95  6:00  Charge  
  95  6:02  Protoss Ground Weapons Level 1 (Chrono Boost)  
  95  6:15  Probe  
  95  6:16  Immortal  
  94  6:20  Probe  
  96  6:27  Sentry, Zealot  
  96  6:28  Zealot  
  96  6:30  Assimilator  
  96  6:31  Gateway  
  101  6:34  Assimilator, Templar Archives  
  101  6:35  Gateway, Pylon  
  99  6:41  Probe  
  100  6:49  Pylon  
  100  6:50  Immortal  
  100  6:52  Gateway  
  100  6:56  Gateway  
  100  6:57  Gateway  
  100  7:00  Zealot x3  
  110  7:03  Probe  
  110  7:04  Psionic Storm, Pylon  
  110  7:06  Pylon  
  106  7:14  Photon Cannon  
  106  7:20  Pylon  
  105  7:24  Immortal  
  105  7:26  Adept x2  
  105  7:28  Adept  
  115  7:34  Photon Cannon  
  115  7:36  Photon Cannon  
  113  7:59  Zealot x3  
  113  8:00  Zealot x2  
  113  8:04  Protoss Ground Weapons Level 2  
  121  8:07  High Templar, Immortal  
  121  8:08  Probe, Nexus  
  121  8:09  Pylon  
  121  8:11  Photon Cannon  
  121  8:12  Pylon x2  
  128  8:17  High Templar  
  128  8:18  High Templar  
  132  8:20  High Templar x3  
  132  8:25  Pylon  
  132  8:26  Archon  
  138  8:29  Zealot  
  138  8:30  Zealot  
  142  8:36  Pylon  
  142  8:44  Nexus  
  142  8:48  High Templar  
  142  8:50  Immortal  
  142  8:51  High Templar, Zealot  
  152  9:00  Archon  
  152  9:01  Zealot  
  154  9:04  Zealot  
  154  9:05  Zealot  
  158  9:16  Robotics Facility  
  158  9:19  Zealot  
  158  9:22  High Templar x2  
  158  9:23  Pylon  
  158  9:24  Probe x2 (Chrono Boost)  
  165  9:25  Probe (Chrono Boost)  
  165  9:28  Sentry  
  166  9:31  Archon  
  154  9:39  Zealot x3  
  154  9:44  Probe (Chrono Boost)  
  155  9:46  Pylon  
  155  9:48  High Templar x2  
  159  9:58  Immortal (Chrono Boost)  
  163  10:03  Zealot x2  
  163  10:04  Sentry  
  159  10:24  Oracle  
  159  10:25  Zealot x5, Observer (Chrono Boost)  
  159  10:26  Zealot  
  169  10:36  Immortal (Chrono Boost)  
  169  10:37  Probe, Photon Cannon  
  169  10:40  Assimilator  
  174  10:43  Probe  
  174  10:44  Assimilator  
  174  10:46  Fleet Beacon  
  169  10:58  High Templar x2, Zealot x5  
  169  10:59  Zealot  
  185  11:05  Photon Cannon  
  185  11:06  Archon  
  185  11:13  Immortal (Chrono Boost)  
  183  11:23  Zealot  
  183  11:24  Zealot x4  
  187  11:28  Observer (Chrono Boost)  
  190  11:45  Zealot x5  
  200  11:47  Protoss Ground Weapons Level 3  
  198  11:55  Carrier  
  192  12:08  Probe  
  193  12:10  Stargate  
  185  12:20  Zealot x2  
  185  12:21  Zealot x6  
  185  12:50  Zealot x8  
  177  13:10  Zealot x8  
  188  13:14  Observer (Chrono Boost)  
  188  13:16  Oracle  
  188  13:19  Carrier (Chrono Boost)  
  169  13:22  Probe  
  177  13:29  Immortal (Chrono Boost)  
  177  13:33  Immortal (Chrono Boost)  
  183  13:36  Zealot x3  
  183  13:37  Zealot x3  
  177  13:49  Probe x2  
  177  13:50  Probe  
  180  13:55  Photon Cannon  
  180  13:56  High Templar x3  
  180  14:02  Nexus  
  192  14:04  Pylon  
  192  14:12  High Templar x4  
  200  14:18  Archon x2  
  200  14:21  Archon  
  196  14:32  Zealot x2  
  198  14:39  Stargate  
  198  14:41  Photon Cannon  
Show
View Real Time Build Order
Export as new Build Order

Namshar Zerg 

Build Orders: Hatch First, Lurkers, Swarm Host 

Get SALT Encoding   

  12  0:00  Drone  
  13  0:08  Drone  
  14  0:22  Overlord  
  14  0:40  Drone x3  
  17  0:51  Drone  
  18  0:57  Hatchery  
  18  1:01  Drone  
  18  1:04  Extractor  
  17  1:15  Spawning Pool  
  17  1:16  Drone  
  17  1:23  Drone  
  18  1:33  Drone  
  19  1:44  Overlord  
  19  1:55  Drone  
  20  2:03  Queen  
  20  2:04  Metabolic Boost  
  20  2:07  Zergling x2  
  23  2:08  Queen  
  23  2:09  Zergling x2  
  26  2:16  Drone  
  26  2:20  Drone  
  28  2:29  Drone  
  29  2:30  Drone  
  30  2:37  Hatchery  
  30  2:40  Drone  
  30  2:46  Queen  
  30  2:51  Overlord  
  32  2:55  Zergling x2  
  32  2:57  Drone  
  34  3:01  Drone  
  34  3:04  Drone  
  36  3:10  Drone  
  37  3:15  Drone x4  
  37  3:19  Overlord, Drone  
  42  3:20  Drone  
  43  3:29  Queen  
  43  3:30  Spore Crawler  
  44  3:36  Overlord  
  44  3:38  Drone x2  
  46  3:50  Drone  
  46  3:51  Drone x2  
  46  3:52  Drone x3, Roach Warren  
  51  4:02  Spore Crawler, Drone x3  
  53  4:04  Overlord  
  52  4:11  Spore Crawler, Drone x3  
  54  4:17  Drone x3  
  54  4:18  Drone  
  58  4:25  Lair  
  58  4:28  Drone x4  
  58  4:30  Extractor  
  61  4:39  Overlord x2  
  61  4:40  Overlord  
  61  4:43  Zergling x2  
  61  4:44  Zergling x8  
  66  4:49  Extractor  
  66  4:50  Zergling x2  
  66  4:51  Overlord  
  66  4:57  Queen  
  68  5:05  Drone x3  
  68  5:06  Drone x3  
  74  5:07  Zergling x4  
  74  5:08  Zergling x2  
  74  5:14  Extractor  
  76  5:17  Drone  
  76  5:18  Drone x4  
  76  5:20  Drone x2  
  76  5:21  Drone  
  84  5:30  Extractor  
  84  5:32  Roach x2  
  84  5:33  Roach x3, Queen  
  93  5:37  Roach x2  
  93  5:39  Overlord  
  96  5:55  Overlord x2  
  96  5:57  Roach  
  96  6:07  Infestation Pit  
  92  6:12  Roach x7  
  92  6:17  Drone  
  92  6:18  Drone x3  
  101  6:25  Drone x3  
  102  6:33  Drone x4  
  102  6:34  Queen  
  102  6:39  Overlord  
  108  6:40  Overlord x3  
  108  6:44  Hatchery  
  108  6:45  Extractor  
  108  6:46  Drone  
  107  6:50  Overlord x4  
  106  7:07  Drone  
  106  7:09  Swarm Host x2  
  106  7:10  Swarm Host x7  
  106  7:12  Drone  
  134  7:15  Swarm Host  
  137  7:25  Drone  
  137  7:26  Hydralisk Den  
  137  7:29  Hatchery  
  136  7:30  Drone x3  
  136  7:32  Glial Reconstitution  
  136  7:33  Drone  
  136  7:35  Drone  
  141  7:37  Evolution Chamber  
  137  7:46  Drone x3  
  134  8:01  Drone x2  
  134  8:02  Drone x5  
  134  8:05  Overlord  
  140  8:06  Zerg Missile Weapons Level 1  
  140  8:09  Lurker Den  
  140  8:12  Drone x7  
  147  8:16  Drone x3  
  150  8:24  Hydralisk  
  150  8:25  Hydralisk x7  
  166  8:29  Hydralisk  
  168  8:45  Hydralisk x8  
  168  8:47  Extractor  
  168  8:48  Extractor  
  182  9:01  Hydralisk x4  
  190  9:04  Hatchery  
  186  9:17  Hydralisk x5  
  182  9:39  Hydralisk x9  
  182  9:43  Muscular Augments  
  186  9:48  Lurker  
  186  9:51  Lurker  
  188  9:56  Lurker x2  
  188  10:02  Lurker x2  
  166  10:32  Hydralisk x7  
  180  10:43  Drone x4  
  180  10:45  Hydralisk  
  180  10:46  Hydralisk x7  
  180  10:48  Extractor  
  180  10:49  Extractor  
  186  10:57  Lurker x3  
  180  11:22  Drone x2  
  182  11:29  Lurker x2  
  182  11:30  Lurker x5  
  190  11:33  Lurker  
  182  11:46  Hydralisk  
  176  11:47  Hydralisk x7  
  192  11:59  Queen  
  185  12:02  Hydralisk  
  185  12:03  Hydralisk x7  
  184  12:17  Extractor  
  183  12:28  Lurker x2  
  183  12:29  Lurker x2  
  187  12:32  Hydralisk  
  187  12:33  Hydralisk x6  
  168  13:03  Overseer  
  168  13:04  Drone  
  168  13:05  Drone x2  
  163  13:06  Hydralisk Den  
  163  13:08  Roach  
  163  13:09  Roach x14  
  189  13:17  Queen, Drone x7  
  196  13:31  Queen  
  195  13:37  Hydralisk x4  
  197  13:47  Overseer x3  
  173  13:48  Drone x2  
  173  13:49  Drone  
  173  13:51  Extractor  
  175  13:58  Drone  
  175  13:59  Spire  
  175  14:05  Hydralisk x5  
  175  14:06  Hydralisk x3  
  191  14:10  Drone x4  
  191  14:11  Drone x2  
  191  14:17  Overseer  
  197  14:22  Hydralisk x4  
Tags
 
Add a new tag
Caveats
  • Supply blocks, unpowered buildings, or Contaminate may cause inaccurate times.
  • Supply counts are checked every 10 seconds.